 Dungeon Crawl Stone Soup version 0.31-a0-303-gdc8c9485ea (webtiles) character file.

Game seed: 5525251153842151748

596060 drugrobin the Slayer (level 24, -1/223 (245) HPs)
             Began as a Demigod Delver on July 15, 2023.
             Slain by a tentacled monstrosity (21 damage)
             ... on level 2 of the Realm of Zot on July 16, 2023.
             The game lasted 05:33:07 (73023 turns).

drugrobin the Slayer (Demigod Delver)              Turns: 73023, Time: 05:33:07

HP:   -1/223 (245)  AC: 70    Str: 27    XL:     24   Next: 58%
MP:   0/44          EV:  7    Int: 35    God:
Gold: 7904          SH:  7    Dex: 19    Spells: 21/47 levels left

rFire   + + .        a - +5 demon trident (freeze)
rCold   . . .        X - +3 buckler {reflect}
rNeg    . . .        k - +22 crystal plate armour "Qabbi Nung" {Str+2 Int+4}
rPois   +            z - +2 helmet {Int+3}
rElec   .            h - +4 dragonskin cloak
rCorr   .            B - +2 pair of gloves of Ashenzari's Regard {Slay+2}
SInv    .            Q - +2 pair of boots {Fly}
Will    +....        A - amulet of regeneration Stlth
                     v - +4 ring of slaying
HPRegen 2.17/turn    S - ring of Jatroint {rPois rF++ Will- Slay+4}
MPRegen 0.29/turn

%: reflection
@: about to teleport, flying, constricted, drained
A: high MP 1, forlorn, divine attributes, regeneration 1
}: 4/15 runes: barnacled, silver, abyssal, gossamer
a: no special abilities


You were on level 2 of the Realm of Zot.
You visited 12 branches of the dungeon, and saw 52 of its levels.
You visited the Abyss 2 times.
You also visited: Sewer, Bailey, Gauntlet and Volcano.

You collected 8957 gold pieces.
You spent 1053 gold pieces at shops.

Inventory:

Hand Weapons
 a - a +5 demon trident of freezing (weapon)
 b - a +5 spear of venom
Missiles
 o - a throwing net
 J - 41 javelins (quivered)
 Y - 3 curare-tipped darts
Armour
 h - the +4 dragonskin cloak (worn)
   (You took it off Tiamat on level 1 of the Realm of Zot)

   Avatar's Aegis: It grants the wearer a chance to resist fire, cold, poison,
   electricity, acid, and negative energy.
 k - the +22 crystal plate armour "Qabbi Nung" (worn) {Str+2 Int+4}
   (You acquired it on level 1 of the Lair of Beasts)

   Str:       It affects your strength (+2).
   Int:       It affects your intelligence (+4).
 u - an orb of light
 z - a +2 helmet of intelligence (worn)
 B - the +2 pair of gloves of Ashenzari's Regard (worn) {Slay+2}
   (You found it on level 5 of the Dungeon)

   Slay:      It affects your accuracy & damage with ranged weapons and melee
   (+2).
 Q - a +2 pair of boots of flying (worn)
 X - a +3 buckler of reflection (worn)
Jewellery
 c - the ring of Faeck {rF+ AC+4 Stlth+}
   (You took it off a spriggan air mage on level 4 of the Depths)

   [ring of protection]

   AC:        It affects your AC (+4).
   rF:        It protects you from fire.
   Stlth:     It makes you more stealthy.
 l - the ring of Lust {rElec rPois rF- AC+4 Int+5}
   (You found it on level 15 of the Dungeon)

   [ring of protection]

   AC:        It affects your AC (+4).
   Int:       It affects your intelligence (+5).
   rF:        It makes you vulnerable to fire.
   rElec:     It insulates you from electricity.
   rPois:     It protects you from poison.
 v - a +4 ring of slaying (left hand)
 x - a ring of resist corrosion
 A - an amulet of regeneration (around neck)
 F - a ring of protection from cold
 I - a ring of wizardry
 K - the ring "Evacheyze" {rC+ Will+}
   (You found it on level 4 of the Depths)

   [ring of willpower]

   rC:        It protects you from cold.
   Will:      It increases your willpower.
 R - the ring "Feceute" {EV+5 Str+3}
   (You took it off a vault sentinel on level 2 of the Vaults)

   [ring of evasion]

   EV:        It affects your evasion (+5).
   Str:       It affects your strength (+3).
 S - the ring of Jatroint (right hand) {rPois rF++ Will- Slay+4}
   (You took it off a deep elf death mage on level 3 of the Elven Halls)

   [ring of slaying]

   Slay:      It affects your accuracy & damage with ranged weapons and melee
   (+4).
   rF:        It greatly protects you from fire.
   rPois:     It protects you from poison.
   Will:      It decreases your willpower.
Wands
 g - a wand of digging (39)
 m - a wand of quicksilver (50)
 N - a wand of paralysis (51)
 O - a wand of iceblast (54)
Scrolls
 d - 12 scrolls of vulnerability
 e - 7 scrolls of fear
 i - 10 scrolls of fog
 j - 6 scrolls of poison
 s - 5 scrolls of blinking
 D - 19 scrolls of teleportation
 E - 5 scrolls of summoning
 G - 11 scrolls of immolation
 H - 4 scrolls of enchant weapon
 M - 8 scrolls of revelation
 V - a scroll of silence
Potions
 f - 8 potions of haste
 q - 11 potions of might
 r - 11 potions of ambrosia
 t - a potion of invisibility
 w - 21 potions of curing
 C - 8 potions of lignification
 L - 3 potions of berserk rage
 P - 5 potions of cancellation
 U - 7 potions of heal wounds
 W - 4 potions of resistance
 Z - a potion of enlightenment
Miscellaneous
 n - a tin of tremorstones (2/2)
 y - a phantom mirror (inert)
 T - a sack of spiders


   Skills:
 - Level 26.0 Fighting
 - Level 20.0 Polearms
 - Level 25.0 Armour
 - Level 5.3 Dodging
 - Level 4.5 Stealth
 - Level 12.0 Spellcasting
 + Level 11.9 Summonings
 - Level 8.0 Evocations


You had 21 spell levels left.
You knew the following spells:

 Your Spells              Type           Power      Damage    Failure   Level
a - Blink                 Tloc           42%        N/A       28%         2
b - Wereblood             Tmut           21%        N/A       28%         2
c - Apportation           Tloc           42%        N/A       19%         1
d - Call Canine Familiar  Summ           81%        N/A       1%          3
e - Swiftness             Air            21%        N/A       50%         3
f - Volatile Blastmotes   Fire/Tloc      42%        2d13      50%         3
g - Animate Armour        Summ/Erth      100%       N/A       16%         4
h - Foxfire               Conj/Fire      84%        2x1d8     19%         1
i - Summon Guardian Gole  Hex/Summ       58%        N/A       4%          3
j - Summon Lightning Spi  Summ/Air       58%        N/A       16%         4

Your spell library contained the following spells:

 Spells                   Type           Power      Damage    Failure   Level
 Kiss of Death            Conj/Necr      84%        2d11      19%         1
 Necrotise                Necr           84%        1d8       19%         1
 Sandblast                Erth           42%        2d11      19%         1
 Shock                    Conj/Air       84%        1d8       19%         1
 Summon Cactus Giant      Summ           40%        N/A       22%         6
 Ensorcelled Hibernation  Hex/Ice        42%        N/A       28%         2
 Lesser Beckoning         Tloc           42%        N/A       28%         2
 Momentum Strike          Conj/Tloc      42%        3d9       28%         2
 Passwall                 Tmut/Erth      17%        N/A       28%         2
 Scorch                   Fire           42%        2d7       28%         2
 Searing Ray              Conj           42%        2d6       28%         2
 Sublimation of Blood     Necr           21%        N/A       28%         2
 Summon Forest            Summ/Tloc      29%        N/A       41%         5
 Summon Mana Viper        Hex/Summ       58%        N/A       41%         5
 Dazzling Flash           Conj/Hex       42%        N/A       50%         3
 Ignite Poison            Fire/Tmut/Pois 21%        N/A       50%         3
 Ozocubu's Armour         Ice            21%        N/A       50%         3
 Portal Projectile        Hex/Tloc       42%        N/A       50%         3
 Stone Arrow              Conj/Erth      42%        3d9       50%         3
 Tukima's Dance           Hex            21%        N/A       50%         3
 Airstrike                Air            10%        2d(2-18)  88%         4
 Anguish                  Hex/Necr       10%        N/A       88%         4
 Animate Dead             Necr           21%        N/A       88%         4
 Flame Wave               Conj/Fire      21%        2d8       88%         4
 Fulminant Prism          Conj/Hex       10%        3d9       88%         4
 Iskenderun's Mystic Bla  Conj/Tloc      21%        2d6       88%         4
 Leda's Liquefaction      Hex/Erth       10%        N/A       88%         4
 Manifold Assault         Tloc           21%        N/A       88%         4
 Olgreb's Toxic Radiance  Pois           21%        N/A       88%         4
 Passage of Golubria      Tloc           21%        N/A       88%         4
 Petrify                  Tmut/Erth      21%        N/A       88%         4
 Agony                    Necr           21%        N/A       99%         5
 Alistair's Intoxication  Tmut/Pois      14%        N/A       99%         5
 Arcjolt                  Conj/Air       10%        1d20      99%         5
 Borgnjor's Vile Clutch   Necr/Erth      10%        N/A       99%         5
 Fireball                 Conj/Fire      10%        3d6       99%         5
 Irradiate                Conj/Tmut      10%        3d15      99%         5
 Iskenderun's Battlesphe  Conj           21%        2d7       99%         5
 Lee's Rapid Deconstruct  Erth           10%        3d8*      99%         5
 Metabolic Englaciation   Hex/Ice        10%        N/A       99%         5
 Silence                  Hex/Air        10%        N/A       99%         5
 Yara's Violent Unravell  Hex/Tmut       10%        3d6       99%         5
 Conjure Ball Lightning   Conj/Air       10%        3x3d6     100%        6
 Dispersal                Tloc           10%        N/A       100%        6
 Eringya's Noxious Bog    Tmut/Pois      10%        4d6       100%        6
 Plasma Beam              Fire/Air       10%        2x1d21    100%        6
 Simulacrum               Ice/Necr       10%        N/A       100%        6
 Starburst                Conj/Fire      10%        6d5       100%        6
 Haunt                    Necr/Summ      29%        N/A       100%        7
 Malign Gateway           Summ/Tloc      29%        N/A       100%        7
 Orb of Destruction       Conj           10%        9d6       100%        7
 Ozocubu's Refrigeration  Ice            10%        4d9       100%        7
 Spellforged Servitor     Conj/Summ      29%        N/A       100%        7
 Discord                  Hex            10%        N/A       100%        8
 Disjunction              Tloc           10%        N/A       100%        8
 Infestation              Necr           10%        N/A       100%        8
 Maxwell's Capacitive Co  Air            10%        ∞         100%        8
 Summon Horrible Things   Summ           40%        N/A       100%        8
 Chain Lightning          Conj/Air       10%        3d14      100%        9
 Polar Vortex             Ice            10%        12d1*     100%        9


Dungeon Overview and Level Annotations

Branches:
Dungeon (15/15)            Temple (0/1) D:7            Lair (5/5) D:8
 Shoals (4/4) Lair:3       Spider (4/4) Lair:2        Slime (1/5) Lair:5
    Orc (2/2) D:11            Elf (3/3) Orc:2        Vaults (5/5) D:14
  Crypt (0/3) Vaults:2     Depths (4/4) D:15           Hell (visited)
    Dis (0/7) Hell            Geh (6/7) Hell            Coc (0/7) Hell
    Tar (0/7) Hell            Zot (2/5) Depths:4      Sewer (visited)
 Bailey (visited)         Volcano (visited)         Gauntlet (visited)

Shops:
D:4 (**[   D:6 ?   D:9 ?   D:10 *   Orc:2 (!?!*[   Elf:1 **   Shoals:1 *
Shoals:2 !   Vaults:3 (   Depths:1 ((*

Portals:
Hell: Depths:1 Depths:2 Depths:3 Depths:4
Abyss: Depths:3 Depths:4
Pandemonium: Depths:2
Ziggurat: Depths:4

Annotations:
D:8 exclusion: oklob plant
Shoals:2 2 transporters, exclusion: orange crystal statue
Shoals:3 3 runed translucent doors, pokeman's ghost, adept DEHW
Elf:1 2 transporters, 6 runed translucent doors
Depths:2 exclusion: obsidian statue
Depths:3 exclusion: orange crystal statue
Zot:1 exclusion: 2 downstairs


Innate Abilities, Weirdness & Mutations

You have an increased reservoir of magic. (+10% MP)
You shall have no god before yourself.
Your divine heritage dramatically boosts your attributes as you level up.
Your natural rate of healing is unusually fast.


Message History

The shadow dragon claws you but does no damage.
You block the shadow dragon's attack.
The tentacled monstrosity barely misses you.
The tentacled monstrosity tentacle-slaps you!
* * * LOW HITPOINT WARNING * * *
The tentacled monstrosity tentacle-slaps you but does no damage.
You feel you are being watched by something.
You feel your power leaking away.
The tentacled monstrosity barely misses you.
The tentacled monstrosity tentacle-slaps you but does no damage.
The tentacled monstrosity closely misses you.
The tentacled monstrosity constricts you.
The tentacled monstrosity tentacle-slaps you but does no damage. x2
The tentacled monstrosity closely misses you.
The green draconian monk hits you but does no damage.
The green draconian monk kicks you but does no damage.
The green draconian monk tail-slaps you but does no damage. x2
The shadow dragon bites you but does no damage.
The shadow dragon claws you but does no damage. x2
Unknown command.
You feel much better.
The tentacled monstrosity tentacle-slaps you but does no damage.
You block the tentacled monstrosity's attack.
The tentacled monstrosity tentacle-slaps you but does no damage.
The tentacled monstrosity constricts you.
You feel you are being watched by something.
The shadow dragon bites you but does no damage.
The shadow dragon closely misses you.
The shadow dragon claws you but does no damage.
You block the green draconian monk's attack.
The green draconian monk kicks you.
* * * LOW HITPOINT WARNING * * *
The green draconian monk barely misses you.
You block the green draconian monk's attack.
The tentacled monstrosity tentacle-slaps you!
* * * LOW HITPOINT WARNING * * *
You block the tentacled monstrosity's attack.
The tentacled monstrosity tentacle-slaps you but does no damage.
The tentacled monstrosity tentacle-slaps you!!
You die...

#####....).
#.........# . ##
....q.... #..
#.. .q.#.z. ....
#...#..#.D#9..#
#....§d#......#
#....DX#yDX...#
#..####X####..#.
yy#@X......
...D#qDD...##
..y#. #zy#...#
.. Xd #yX. ..# #
.. ..... ## #..
.....# ...###
....#


You could see a shadow dragon (berserk), 3 tentacled monstrosities, a green
draconian monk (berserk), a golden dragon, a storm dragon (berserk), a purple
draconian, a death cob, a yellow draconian annihilator, a nameless horror and 2
moths of wrath.

Vanquished Creatures
  An ancient lich (Vaults:5)
  6 juggernauts (Geh:2)
  Frederick (Vaults:4)
  2 caustic shrikes (Depths:4)
  A curse toe (Zot:1)
  6 golden dragons
  Geryon (Hell)
  the Enchantress (Depths:4)
  A bone dragon (Abyss:2)
  2 iron giants (Geh:2)
  8 tentacled monstrosities
  A Brimstone Fiend (Geh:5)
  2 hellephants
  4 tainted leviathans (Geh:2)
  Asterion (Elf:2)
  Rupert (Lair:4)
  8 liches
  2 walking divine tomes
  4 quicksilver dragons
  2 deep elf blademasters
  2 deep elf master archers (Elf:3)
  9 titans
  Gastronok (Lair:3)
  5 sphinxes
  3 searing wretches
  The ghost of howech the Slayer, an adept MiBe of Trog (D:15)
  An eldritch tentacle (Abyss:3)
  Kirke (D:13)
  Frances (Shoals:2)
  9 storm dragons
  A kraken (Shoals:1)
  2 ancient champions
  Aizul (Shoals:2)
  7 tentacled starspawn
  Polyphemus (Shoals:2)
  A draconian monk (Zot:1)
  4 death cobs
  A daeva (Abyss:3)
  10 tengu reavers
  8 shadow dragons
  Ilsuiw (Shoals:4)
  A fenstrider witch (shapeshifter) (Depths:3)
  17 fire giants
  14 frost giants
  9 vault wardens
  7 deep elf sorcerers
  3 draconian scorchers
  6 emperor scorpions
  A spectral caustic shrike (Depths:2)
  2 ghost moths (Spider:4)
  11 balrugs
  A spectral juggernaut (Depths:2)
  2 quicksilver oozes (D:15)
  3 orc warlords
  A draconian shifter (Abyss:3)
  4 deep elf elementalists
  4 spriggan defenders
  A cacodemon (Hell)
  4 war gargoyles
  21 ironbound preservers
  3 draconian annihilators
  5 ironbound thunderhulks
  3 formless jellyfish
  A starflower (Abyss:3)
  2 broodmothers
  22 stone giants
  2 reapers (Hell)
  17 very ugly things
  2 vampire knights
  2 black draconians (Zot:1)
  10 deep elf demonologists
  2 lorocyprocas
  Nessos (D:13)
  7 deep elf annihilators
  4 yellow draconians (Zot:1)
  2 purple draconians (Zot:1)
  A spectral titan (Depths:2)
  A red draconian (Abyss:3)
  2 white draconians
  7 ettins
  10 spark wasps
  An iron golem (Depths:1)
  A crystal guardian (Depths:1)
  5 merfolk impalers
  5 deep elf death magi
  14 fire dragons
  4 merfolk javelineers
  3 blizzard demons
  10 yaktaur captains
  7 deep elf high priests
  5 entropy weavers
  The ghost of howech the Cleaver, a journeyman MiBe of Trog (D:11)
  3 spectral golden dragons (Depths:2)
  A peacekeeper (Vaults:2)
  Harold (D:9)
  7 ice dragons
  A hell beast (Gauntlet)
  2 merfolk avatars
  A spectral spriggan (Depths:2)
  2 spectral tengu (Depths:2)
  8 great orbs of eyes
  A hydra (shapeshifter) (Vaults:1)
  7 rakshasas
  2 salamander tyrants (Geh:1)
  12 hydras
  4 radroaches
  36 vault guards
  11 spriggan air magi
  4 ogre magi
  A catoblepas (Shoals:2)
  26 centaur warriors
  11 ironbound frosthearts
  4 stokers
  3 jorogumos
  3 satyrs
  28 dancing weapons
  10 two-headed ogres
  4 merfolk aquamancers
  Erica (Lair:1)
  4 deep troll shamans
  3 tengu warriors
  2 vampire magi
  4 boulder beetles
  11 deep troll earth magi
  4 orc high priests
  7 demonic crawlers
  Urug (D:10)
  11 thrashing horrors
  3 death yaks (Shoals:2)
  30 hell hogs
  8 soul eaters
  5 spriggan berserkers
  A naga sharpshooter (Depths:4)
  4 hell knights
  19 deep elf knights
  5 wretched stars (Abyss:3)
  10 sun demons
  2 sixfirhies
  Amaemon (Lair:2)
  The ghost of olddryhag the Destroyer, a novice TeRe of Uskayaw (D:8)
  A crystal echidna (Depths:1)
  2 skysharks (Shoals:1)
  A salamander mystic (D:12)
  7 pharaoh ants
  9 iron trolls
  17 skeletal warriors
  2 sun moths
  45 deep trolls
  3 sea snakes (shapeshifter)
  A shadow demon (Abyss:3)
  2 goliath frogs (Lair:5)
  12 sea snakes
  11 deep elf archers
  3 flayed ghosts
  12 orb spiders
  An anaconda zombie (Hell)
  8 glowing orange brains
  12 wizards
  21 ironbound convokers
  6 steelbarb worms
  12 phantasmal warriors
  Pikel (D:9)
  An anaconda skeleton (Hell)
  2 orange crystal statues (Hell)
  8 orc knights
  A lindwurm (shapeshifter) (D:15)
  9 necromancers
  9 lindwurms
  10 harpies
  15 deep elf pyromancers
  25 deep elf zephyrmancers
  11 orc sorcerers
  29 ugly things
  A mana viper (shapeshifter) (Elf:1)
  2 will-o-the-wisps (Abyss:3)
  17 fauns
  6 cyclopes
  15 manticores
  A sphinx zombie (Vaults:1)
  3 salamanders
  4 worldbinders
  14 moths of wrath
  28 wolf spiders
  A tengu skeleton (Vaults:2)
  6 human skeletons (Vaults:2)
  3 ice statues
  A water nymph (Shoals:4)
  3 black mambas
  4 apocalypse crabs
  6 merfolk sirens
  22 vault sentinels
  3 smoke demons
  3 gargoyles
  A fire giant skeleton (Vaults:2)
  An eye of devastation (D:15)
  A torpor snail (shapeshifter) (Elf:3)
  4 elephants (Lair:5)
  A dire elephant skeleton (Abyss:2)
  An unseen horror (D:12)
  A hellion (Geh:1)
  8 komodo dragons
  18 cane toads
  6 kobold demonologists
  3 tormentors
  2 orange demons
  5 rime drakes
  3 efreet
  9 torpor snails
  A sea snake zombie (Hell)
  16 yaktaurs
  An ice devil (Depths:1)
  3 tengu conjurers
  A yaktaur skeleton (Vaults:2)
  3 freezing wraiths
  3 guardian mummies (Depths:2)
  5 ancient zymes
  A hydra zombie (Hell)
  A red devil (Hell)
  2 sea snake skeletons (Hell)
  A polar bear (Lair:5)
  7 trolls
  2 hellwings (Abyss:3)
  9 meliai
  3 wind drakes
  2 queen bees
  A queen bee (shapeshifter) (Abyss:3)
  32 tarantellas
  3 tyrant leeches (Lair:5)
  13 merfolk
  11 raiju
  21 blink frogs
  A harpy skeleton (Abyss:3)
  An alligator zombie (Hell)
  11 hornets
  7 snapping turtles
  17 dream sheep
  A human simulacrum (Vaults:3)
  2 ettin zombies (Vaults:3)
  A jumping spider (shapeshifter) (Abyss:2)
  2 flying skulls
  34 jumping spiders
  3 air elementals (Elf:2)
  24 slime creatures
  An elf zombie (Vaults:2)
  3 ettin skeletons
  6 spriggans
  A dire elephant simulacrum (Abyss:3)
  A vampire (D:12)
  A culicivora (shapeshifter) (D:14)
  22 water elementals
  8 wyverns
  An elf simulacrum (Vaults:3)
  4 wraiths
  32 culicivoras
  6 fire bats
  2 shadows
  4 ynoxinuls (Abyss:3)
  45 yaks
  6 basilisks
  2 chaos spawn (Abyss:2)
  5 golden eyes (Abyss:3)
  48 starcursed masses
  5 hogs
  6 neqoxecs
  5 fire elementals
  12 vampire mosquitoes
  2 elf skeletons
  3 steam dragons
  Grum (D:9)
  61 redbacks
  A warg (shapeshifter) (D:15)
  17 large abominations
  3 wargs (Orc:2)
  A naga zombie (Abyss:3)
  2 hydra simulacra (Hell)
  2 hell hounds
  18 water moccasins
  7 floating eyes
  3 glowing shapeshifter skeletons (Vaults:2)
  25 orc warriors
  2 human zombies
  A sky beast (D:8)
  14 wolves
  6 ogres
  A boggart (Vaults:2)
  19 centaurs
  A phantom (D:6)
  3 lemures
  21 small abominations
  5 kobold brigands
  A gnoll sergeant (D:8)
  15 bullfrogs
  4 earth elementals
  4 scorpions
  35 killer bees
  6 spriggan skeletons (D:10)
  6 electric eels
  A troll skeleton (D:10)
  4 howler monkeys
  A quasit (Abyss:3)
  A crimson imp (Abyss:2)
  A lava snake (Lair:5)
  21 orc priests
  2 hounds
  14 jellies
  A sleepcap (D:8)
  A gnoll bouda (D:8)
  An iron imp (Abyss:3)
  6 hell rats
  11 orc wizards
  3 nameless horrors
  9 gnolls
  7 adders
  6 river rats (D:3)
  A shadow imp (D:7)
  2 white imps
  6 ufetubi
  6 worms
  3 dart slugs (D:4)
  74 orcs
  28 endoplasms
  5 giant cockroaches
  14 goblins
  5 hobgoblins
  3 jackals
  5 quokkas
  6 ball pythons
  9 bats
  4 frilled lizards
  24 kobolds
  14 rats
  A creeping inferno (Geh:4)
  12 fire vortices
  2 spectral weapons (Elf:2)
  A starspawn tentacle (Abyss:3)
2322 creatures vanquished.

Vanquished Creatures (collateral kills)
  Tiamat (Zot:1)
  Boris (Vaults:4)
  3 hellephants (Geh:5)
  2 searing wretches (Geh:5)
  A draconian monk (Zot:1)
  A deep elf sorcerer (Elf:3)
  2 balrugs
  A reaper (Hell)
  A deep elf annihilator (Elf:3)
  3 hell hogs
  2 demonic crawlers (Spider:1)
  A dancing weapon (Elf:3)
  A sixfirhy (Hell)
  A steelbarb worm (Spider:1)
  An orc sorcerer (Vaults:4)
  An orange demon (Hell)
  A fire elemental (Elf:3)
  4 redbacks
  3 hell rats (Hell)
  An orc (Vaults:5)
  A fire vortex (Hell)
33 creatures vanquished.

Vanquished Creatures (others)
  An eldritch tentacle (Abyss:3)
  A two-headed ogre (Volcano)
  A sea snake (Shoals:2)
  A deep elf pyromancer (Elf:1)
  A deep elf zephyrmancer (Elf:1)
  A small abomination (Abyss:2)
  A hell rat (Hell)
  A fire vortex (Geh:2)
  14 foxfires
  A lurking horror (Abyss:3)
  16 starspawn tentacles
  4 tentacles (Shoals:1)
43 creatures vanquished.

Grand Total: 2398 creatures vanquished

Notes
Turn   | Place    | Note
-------+----------+-------------------------------------------
     0 | D:5      | drugrobin the Demigod Delver began the quest for the Orb.
     0 | D:5      | Reached XP level 1. HP: 18/18 MP: 3/3
    28 | D:4      | Found Esadod's Weapon Shop.
   319 | D:3      | Reached XP level 2. HP: 10/25 MP: 4/4
   448 | D:3      | Found a glowing drain.
   473 | D:3      | Reached XP level 3. HP: 5/30 MP: 5/5
   565 | Sewer    | Entered a sewer
   648 | Sewer    | Noticed a kobold brigand
   687 | Sewer    | Killed a kobold brigand
   688 | Sewer    | Reached XP level 4. HP: 23/37 MP: 6/6
  1320 | D:1      | Reached skill level 5 in Polearms
  1356 | D:1      | Reached XP level 5. HP: 35/42 MP: 7/7
  1798 | D:2      | Learned a level 2 spell: Blink
  2643 | D:3      | Reached skill level 3 in Fighting
  3032 | D:3      | Reached XP level 6. HP: 35/51 MP: 8/8
  3685 | D:4      | Found Radusm's Assorted Antiques.
  3756 | D:4      | Reached skill level 4 in Fighting
  4112 | D:4      | Found Usuczeh's General Store.
  4122 | D:4      | Bought a scroll of teleportation for 30 gold pieces
  4122 | D:4      | Bought a scroll of identify for 20 gold pieces
  4122 | D:4      | Bought a scroll of identify for 20 gold pieces
  4131 | D:4      | Found Vaisumma's General Store.
  4135 | D:4      | Bought a scroll of identify for 22 gold pieces
  4337 | D:4      | Found Batzodudgh's Antique Armour Boutique.
  5007 | D:5      | Noticed a water moccasin
  5028 | D:5      | Killed a water moccasin
  5290 | D:5      | Reached XP level 7. HP: 60/60 MP: 9/9
  5561 | D:5      | Identified the +2 pair of gloves of Ashenzari's Regard
                  | {Slay+2}
  6347 | D:5      | Reached skill level 5 in Fighting
  6614 | D:6      | Identified a scroll of acquirement
  6760 | D:6      | Found Anagol's Magic Scroll Shop.
  7208 | D:7      | Found a staircase to the Ecumenical Temple.
  7230 | D:7      | Reached skill level 6 in Fighting
  7230 | D:7      | Reached XP level 8. HP: 52/70 MP: 10/10
  7242 | D:7      | Noticed a hornet
  7247 | D:7      | Paralysed by a hornet for 3 turns
  7248 | D:7      | Killed a hornet
  7374 | D:7      | Found a flagged portal.
  7390 | Bailey   | Entered a bailey
  7778 | Bailey   | Reached skill level 7 in Fighting
  8475 | Bailey   | Reached XP level 9. HP: 74/80 MP: 11/11
  8671 | Bailey   | Reached skill level 8 in Fighting
 10172 | D:8      | Reached skill level 9 in Fighting
 10172 | D:8      | Reached skill level 10 in Polearms
 10252 | D:8      | Noticed olddryhag's ghost (novice TeRe)
 10253 | D:8      | Found a runed translucent gate.
 10253 | D:8      | Found a runed translucent gate.
 10253 | D:8      | Found a runed translucent gate.
 10652 | D:8      | Found a staircase to the Lair.
 10685 | D:8      | Reached XP level 10. HP: 91/91 MP: 13/13
 11098 | D:8      | Noticed an oklob plant
 11100 | D:8      | Reached skill level 10 in Fighting
 11359 | D:9      | Noticed Grum
 12101 | D:9      | Killed Grum
 12107 | D:9      | Noticed Pikel
 12455 | D:9      | Noticed a two-headed ogre
 12458 | D:9      | Killed Pikel
 13010 | D:8      | Reached skill level 11 in Fighting
 13210 | D:9      | Found Jiovis's Magic Scroll Shoppe.
 13216 | D:9      | Bought a scroll of identify for 24 gold pieces
 13216 | D:9      | Bought 2 scrolls of identify for 48 gold pieces
 13216 | D:9      | Bought a scroll of identify for 24 gold pieces
 13350 | D:9      | Killed a two-headed ogre
 13800 | D:9      | Noticed Harold
 13815 | D:9      | Killed Harold
 13816 | D:9      | Reached XP level 11. HP: 69/102 MP: 14/14
 13976 | D:10     | Entered Level 10 of the Dungeon
 13976 | D:10     | Found Xyicra's Assorted Antiques.
 14739 | D:10     | Noticed Urug
 14754 | D:10     | Killed Urug
 15260 | D:10     | Reached skill level 12 in Fighting
 15524 | D:11     | Noticed a two-headed ogre
 15569 | D:11     | Killed a two-headed ogre
 15718 | D:11     | Noticed a six-headed hydra
 15728 | D:11     | Killed a six-headed hydra
 15729 | D:11     | Reached skill level 1 in Evocations
 15812 | D:11     | Found a staircase to the Orcish Mines.
 15909 | D:11     | Found a runed translucent gate.
 15909 | D:11     | Found a runed translucent gate.
 15909 | D:11     | Found a runed translucent gate.
 15910 | D:11     | Noticed a nine-headed hydra
 15911 | D:11     | Noticed a 12-headed hydra
 15911 | D:11     | Noticed howech's ghost (journeyman MiBe)
 16442 | D:8      | Killed olddryhag's ghost
 16676 | Lair:1   | Entered Level 1 of the Lair of Beasts
 16743 | Lair:1   | Found a dark tunnel.
 16783 | Volcano  | Entered a volcano
 16878 | Volcano  | Noticed a two-headed ogre
 16878 | Volcano  | Noticed a two-headed ogre
 16915 | Volcano  | Killed a two-headed ogre
 16916 | Volcano  | Killed a two-headed ogre
 17420 | Lair:1   | Reached skill level 1 in Armour
 17433 | Lair:1   | Reached XP level 12. HP: 97/113 MP: 15/15
 17883 | Lair:1   | Reached skill level 13 in Fighting
 17964 | Lair:1   | Noticed Erica
 17985 | Lair:1   | Killed Erica
 18763 | Lair:2   | Reached skill level 5 in Armour
 18893 | Lair:2   | Found a hole to the Spider Nest.
 19695 | Lair:2   | Noticed Amaemon
 19712 | Lair:2   | Killed Amaemon
 19722 | Lair:2   | Identified the +0 robe of Biboliock {rElec rCorr Str-3
                  | Int-5}
 20361 | Lair:2   | Acquired a +4 ring of slaying
 20534 | Lair:3   | Reached skill level 14 in Fighting
 20542 | Lair:3   | Noticed Gastronok
 20567 | Lair:3   | Killed Gastronok
 20730 | Lair:3   | Reached XP level 13. HP: 124/124 MP: 16/16
 20925 | Lair:3   | Found a staircase to the Shoals.
 21436 | Lair:4   | Found a gate leading to a gauntlet.
 21452 | Gauntlet | Entered a Gauntlet
 21452 | Gauntlet | Found a transporter.
 21452 | Gauntlet | Found a transporter.
 21456 | Gauntlet | Found a transporter.
 21456 | Gauntlet | Found a transporter.
 21466 | Gauntlet | Found a transporter.
 21476 | Gauntlet | Found a transporter.
 21476 | Gauntlet | Found a transporter.
 21480 | Gauntlet | Found a transporter.
 21499 | Gauntlet | Noticed a reaper
 21507 | Gauntlet | Found a transporter.
 21514 | Gauntlet | Found a transporter.
 21532 | Gauntlet | Found a transporter.
 21554 | Gauntlet | Found a transporter.
 21601 | Gauntlet | Found a transporter.
 21622 | Gauntlet | Found a transporter.
 21722 | Gauntlet | Found a transporter.
 21742 | Gauntlet | Found a transporter.
 21914 | Gauntlet | Identified the ring of Koeri {rC+ rN+ Int+2}
 21991 | Gauntlet | Reached skill level 1 in Spellcasting
 22098 | Gauntlet | Noticed a minotaur
 22176 | Lair:4   | Identified the +1 orcbow "Vesm" {heavy, rElec rPois Will+}
 22299 | Lair:4   | Reached skill level 10 in Armour
 22572 | Lair:4   | Noticed Rupert
 22705 | Orc:1    | Entered Level 1 of the Orcish Mines
 22917 | Orc:1    | You are sucked into a shaft and drop 1 floor!
 22917 | Orc:2    | Entered Level 2 of the Orcish Mines
 23160 | Orc:2    | Found Yrein's Antique Weapon Emporium.
 23317 | Orc:2    | Found a staircase to the Elven Halls.
 23808 | Orc:1    | Paralysed by a floating eye for 4 turns
 23870 | Orc:1    | Reached skill level 15 in Fighting
 24225 | Orc:2    | Found Vianapp's Distillery.
 24703 | Orc:2    | Found Nutzycra's Distillery.
 24703 | Orc:2    | Found Dyaclad's Magic Scroll Boutique.
 24705 | Orc:2    | Found Qeatwaq's Antique Armour Emporium.
 24705 | Orc:2    | Found Tuwiabb's Assorted Antiques.
 25425 | D:12     | Reached skill level 5 in Spellcasting
 25594 | D:12     | Found the +3 salamander hide armour {Flames, rFlCloud rF++
                  | rC--}
 25697 | D:12     | Reached XP level 14. HP: 135/135 MP: 26/26
 26293 | D:13     | Identified the +1 sling of Anger {speed, +Blink rElec}
 26309 | D:13     | Noticed Nessos
 26549 | D:11     | Killed howech's ghost
 27366 | D:14     | Identified the +2 sling "Bugefotah" {heavy, Str+4 Dex-3}
 27482 | D:14     | Learned a level 2 spell: Wereblood
 27750 | D:14     | Reached skill level 16 in Fighting
 27812 | D:14     | Found a gate to the Vaults.
 28668 | D:15     | Entered Level 15 of the Dungeon
 28901 | D:15     | Found a staircase to the Depths.
 30148 | D:15     | Found a runed translucent gate.
 30148 | D:15     | Found a runed translucent gate.
 30148 | D:15     | Found a runed translucent gate.
 30156 | D:15     | Noticed howech's ghost (adept MiBe)
 30256 | D:13     | Killed Nessos
 30477 | D:13     | Reached skill level 5 in Dodging
 30497 | D:13     | Identified the +9 falchion of the Arcadian God {heavy,
                  | rElec rPois}
 30497 | D:13     | Noticed Kirke
 30525 | D:13     | Killed Kirke
 30717 | Lair:1   | Acquired the +22 crystal plate armour "Qabbi Nung" {Str+2
                  | Int+4}
 30811 | Shoals:1 | Entered Level 1 of the Shoals
 30914 | Shoals:1 | Reached XP level 15. HP: 145/145 MP: 31/31
 30947 | Shoals:1 | Noticed a kraken
 30964 | Shoals:1 | Killed a kraken
 31489 | Shoals:1 | Found Hiukkol's Assorted Antiques.
 31494 | Shoals:1 | Bought a masterwork spear for 296 gold pieces
 31494 | Shoals:1 | Identified the +11 spear of the Endless March {flame, Fly
                  | rN+} (You bought it in a shop on level 1 of the Shoals)
 31674 | Shoals:2 | Noticed Frances
 31691 | Shoals:2 | Killed Frances
 31692 | Shoals:2 | Reached skill level 17 in Fighting
 31762 | Shoals:2 | Identified the +4 trident of Lies {freeze, Drain Fly rF+++
                  | Int-4}
 31821 | Shoals:2 | You are sucked into a shaft and drop 1 floor!
 31957 | Shoals:3 | Got Woirecs's Almanac of Vapourous Calefaction
 32572 | Shoals:3 | Found a runed translucent gate.
 32572 | Shoals:3 | Found a runed translucent gate.
 32572 | Shoals:3 | Found a runed translucent gate.
 32572 | Shoals:3 | Noticed pokeman's ghost (adept DEHW)
 32968 | Shoals:2 | Noticed Polyphemus
 32990 | Shoals:2 | Killed Polyphemus
 33053 | Shoals:2 | Found the +8 Wrath of Trog {antimagic, *Rage Rampage}
 33054 | Shoals:2 | Found a transporter.
 33169 | Shoals:2 | Found a transporter.
 33256 | Shoals:2 | Noticed Aizul
 33269 | Shoals:2 | Killed Aizul
 33572 | Shoals:2 | Found Qigushry's Distillery.
 33590 | Shoals:2 | Bought a potion of resistance for 190 gold pieces
 33590 | Shoals:2 | Bought a potion of heal wounds for 95 gold pieces
 33590 | Shoals:2 | Bought a potion of heal wounds for 95 gold pieces
 33590 | Shoals:2 | Bought a potion of curing for 57 gold pieces
 34016 | Shoals:4 | Entered Level 4 of the Shoals
 34583 | Shoals:4 | Reached skill level 18 in Fighting
 34896 | Shoals:4 | Identified the staff "Miolam Waejo" {rF+ rC+ rN+ Necro}
 34950 | Shoals:4 | Noticed Ilsuiw
 34966 | Shoals:4 | Killed Ilsuiw
 35042 | Shoals:4 | Reached XP level 16. HP: 158/158 MP: 32/32
 35183 | Shoals:4 | Reached skill level 5 in Evocations
 35292 | Shoals:4 | Got a barnacled rune of Zot
 35510 | Lair:4   | Killed Rupert
 35972 | Lair:5   | Entered Level 5 of the Lair of Beasts
 36530 | Lair:5   | Found a staircase to the Slime Pits.
 36812 | Lair:5   | Reached skill level 15 in Armour
 37062 | Spider:1 | Entered Level 1 of the Spider Nest
 37145 | Spider:1 | Reached skill level 19 in Fighting
 38793 | Spider:2 | Reached XP level 17. HP: 169/169 MP: 33/33
 39991 | Spider:3 | Reached skill level 20 in Fighting
 40325 | Spider:4 | Entered Level 4 of the Spider Nest
 42443 | Spider:4 | Got a gossamer rune of Zot
 42828 | Depths:1 | Entered Level 1 of the Depths
 43063 | D:15     | Reached skill level 21 in Fighting
 43201 | Depths:1 | Reached XP level 18. HP: 182/182 MP: 35/35
 43547 | Depths:1 | Found Hytyd's General Store.
 43549 | Depths:1 | Found Jisyapoch's Antique Weapon Emporium.
 43615 | Depths:1 | Found Istrooclu's Antique Weapon Shoppe.
 43619 | Depths:1 | Bought a potion of might for 84 gold pieces
 43940 | Depths:1 | Found a gateway to Hell.
 44606 | Depths:1 | Identified the +3 quarterstaff of Irksome Tortfeasance
                  | {venom, rF+ rN+}
 45056 | Depths:2 | Paralysed by a floating eye for 4 turns
 45324 | Depths:2 | Found a one-way gate leading to the halls of Pandemonium.
 45974 | Depths:3 | Upgraded the game from 0.31-a0-277-g31ea1f65cc to
                  | 0.31-a0-303-gdc8c9485ea
 46078 | Vaults:1 | Entered Level 1 of the Vaults
 46124 | Vaults:1 | Reached skill level 22 in Fighting
 47135 | Vaults:1 | Reached XP level 19. HP: 193/193 MP: 36/36
 48803 | Vaults:2 | Identified the ring "Feceute" {EV+5 Str+3}
 48958 | Vaults:2 | Acquired 541 gold pieces
 49143 | Vaults:2 | Paralysed by a formless jellyfish for 1 turns
 49582 | Vaults:2 | Found a staircase to the Crypt.
 50261 | Vaults:3 | Reached skill level 10 in Spellcasting
 50393 | Vaults:3 | Reached skill level 23 in Fighting
 50762 | Vaults:3 | Found Jufoluji's Weapon Emporium.
 51019 | Vaults:4 | Noticed Frederick
 51027 | Vaults:4 | Killed Frederick
 51550 | Vaults:4 | Reached XP level 20. HP: 191/204 MP: 40/40
 51920 | Vaults:4 | Noticed Boris
 51935 | Vaults:4 | Killed Boris
 53395 | Depths:3 | Found a one-way gate to the infinite horrors of the Abyss.
 53451 | Depths:3 | Noticed a golden dragon
 53480 | Depths:3 | Killed a golden dragon
 54287 | Depths:4 | Entered Level 4 of the Depths
 54476 | Depths:4 | Noticed a caustic shrike
 54492 | Depths:4 | Killed a caustic shrike
 54556 | Depths:4 | Paralysed by a floating eye for 4 turns
 54622 | Depths:4 | Found a one-way gateway to a ziggurat.
 54764 | Depths:4 | Identified the ring "Osuxurr" {rC+ Str-4 Int+5}
 54876 | Depths:4 | Noticed a caustic shrike
 54894 | Depths:4 | Killed a caustic shrike
 54935 | Depths:4 | Found a transporter.
 54948 | Depths:4 | Identified the ring of Faeck {rF+ AC+4 Stlth+}
 54951 | Depths:4 | Reached skill level 24 in Fighting
 54967 | Depths:4 | Noticed the Enchantress
 54973 | Depths:4 | Found a transporter.
 55152 | Depths:4 | Identified the ring "Evacheyze" {rC+ Will+}
 55206 | Depths:4 | Killed the Enchantress
 55231 | Depths:4 | Noticed a golden dragon
 55245 | Depths:4 | Killed a golden dragon
 55311 | Depths:4 | Reached XP level 21. HP: 195/203 MP: 42/42
 55417 | Depths:4 | Identified the ring of Pride {Fly rElec Dex+4}
 56015 | Depths:4 | Acquired a manual of Polearms
 56082 | Depths:4 | Found a gate to the Realm of Zot.
 56164 | Hell     | Entered the Vestibule of Hell
 56164 | Hell     | Noticed Geryon
 56179 | Hell     | Killed Geryon
 56240 | Depths:4 | Learned a level 1 spell: Apportation
 56243 | Depths:4 | Voluntarily entered the Abyss.
 56992 | Abyss:2  | Gained mutation: Your natural rate of healing is unusually
                  | fast. [a neqoxec]
 57187 | Abyss:3  | Reached skill level 15 in Polearms
 57422 | Abyss:3  | Identified the +3 ring mail of Youthful Indiscretion {+Inv
                  | Str+2 Dex+2}
 57423 | Abyss:3  | Identified the +2 mace "Homielee" {elec, rElec rC+ rN+
                  | Will+}
 58180 | Abyss:3  | Reached skill level 25 in Fighting
 58288 | Abyss:3  | Paralysed by accursed screaming for 1 turns
 58355 | Abyss:3  | Paralysed by accursed screaming for 1 turns
 58363 | Abyss:3  | Got an abyssal rune of Zot
 58529 | Depths:4 | Escaped the Abyss
 58549 | Zot:1    | Entered Level 1 of the Realm of Zot
 58685 | Zot:1    | Reached XP level 22. HP: 221/226 MP: 43/43
 58815 | Zot:1    | Learned a level 3 spell: Call Canine Familiar
 58819 | Zot:1    | Learned a level 3 spell: Swiftness
 58823 | Zot:1    | Learned a level 3 spell: Volatile Blastmotes
 59127 | Zot:1    | Found the +4 dragonskin cloak
 59127 | Zot:1    | Noticed Tiamat
 59542 | Elf:1    | Entered Level 1 of the Elven Halls
 59884 | Elf:1    | Identified the +4 hand axe of Due Proportion {freeze, rN++
                  | Will- rCorr Dex+4}
 60136 | Elf:1    | Found a transporter.
 60136 | Elf:1    | Found Byme Meps's General Store.
 60161 | Elf:1    | Found Boqushrou's General Store.
 60171 | Elf:1    | Bought a scroll of teleportation for 48 gold pieces
 60249 | Elf:1    | Found a transporter.
 60363 | Elf:1    | Identified the +7 great sword "Ceerubra" {freeze, rElec
                  | Dex+5}
 60673 | Elf:1    | Found a runed translucent gate.
 60673 | Elf:1    | Found a runed translucent gate.
 60673 | Elf:1    | Found a runed translucent gate.
 60673 | Elf:1    | Found a runed translucent gate.
 60673 | Elf:1    | Found a runed translucent gate.
 60675 | Elf:1    | Found a runed translucent gate.
 61122 | D:15     | Killed howech's ghost
 61158 | D:15     | Identified the ring of Lust {rElec rPois rF- AC+4 Int+5}
 61701 | Elf:2    | Paralysed by an air elemental for 1 turns
 61766 | Elf:2    | Paralysed by an air elemental for 1 turns
 61775 | Elf:2    | Paralysed by an air elemental for 1 turns
 61813 | Elf:2    | Found a runed translucent gate.
 61813 | Elf:2    | Found a runed translucent gate.
 61813 | Elf:2    | Found a runed translucent gate.
 62087 | Elf:2    | Noticed Asterion
 62119 | Elf:2    | Killed Asterion
 62572 | Elf:3    | Entered Level 3 of the Elven Halls
 63079 | Elf:3    | Reached skill level 1 in Summonings
 63216 | Elf:3    | Learned a level 4 spell: Animate Armour
 63558 | Elf:3    | Identified the ring of Jatroint {rPois rF++ Will- Slay+4}
 63643 | Abyss:3  | Cast into level 3 of the Abyss (a deep elf demonologist)
 63675 | Elf:3    | Escaped the Abyss
 64052 | Elf:3    | Identified the +8 war axe of the Evil Eye {drain, *Corrode
                  | rPois rC+ rN+ Will+}
 64077 | Elf:3    | Identified the staff of Ru's Inspiration {rElec rC+ Ice}
 64189 | Elf:3    | Got Vehumet's Vademecum on Trauma
 64192 | Elf:3    | Learned a level 1 spell: Foxfire
 64218 | Elf:3    | Learned a level 3 spell: Summon Guardian Golem
 64676 | Vaults:5 | Entered Level 5 of the Vaults
 65014 | Vaults:5 | Reached skill level 26 in Fighting
 65021 | Vaults:4 | Reached XP level 23. HP: 111/222 MP: 42/44
 65460 | Vaults:5 | Identified the ring of Urazioj {Fly rPois}
 66141 | Vaults:5 | Reached skill level 5 in Summonings
 66167 | Vaults:5 | Identified the +1 glaive of Zeagueme {heavy, rPois Int+3}
 66171 | Vaults:5 | Got a silver rune of Zot
 66400 | Vaults:5 | Noticed an ancient lich
 66412 | Vaults:5 | Killed an ancient lich
 66861 | Vaults:5 | Got Daen's Compilation of Toxins
 67046 | Vaults:5 | Identified the +4 long sword "Goblinbane" {antimagic,
                  | *Noise rN+ rCorr Int+3}
 67582 | Vaults:5 | Got the Encyclopedia of the Bane and Unholy Rites
 67583 | Vaults:5 | Identified the +1 trident of the Thing {freeze, Str+2}
 67780 | Vaults:5 | Learned a level 4 spell: Summon Lightning Spire
 68854 | Hell     | Found a gateway to the ashen valley of Gehenna.
 68883 | Geh:1    | Entered Level 1 of Gehenna
 69033 | Geh:2    | Noticed a juggernaut
 69058 | Geh:2    | Killed a juggernaut
 69237 | Hell     | Found a gateway to the Iron City of Dis.
 69359 | Hell     | Found a gateway to the freezing wastes of Cocytus.
 69462 | Hell     | Found a gateway to the decaying netherworld of Tartarus.
 69697 | Geh:2    | Noticed a juggernaut
 69711 | Geh:2    | Killed a juggernaut
 69733 | Geh:2    | Reached XP level 24. HP: 121/245 MP: 44/44
 69926 | Geh:2    | Noticed a juggernaut
 69926 | Geh:2    | Noticed a juggernaut
 69944 | Geh:2    | Killed a juggernaut
 69960 | Geh:2    | Killed a juggernaut
 70214 | Geh:2    | Noticed a juggernaut
 70241 | Geh:2    | Killed a juggernaut
 70268 | Geh:2    | Noticed a juggernaut
 70304 | Geh:2    | Killed a juggernaut
 71127 | Geh:5    | Reached skill level 10 in Summonings
 71512 | Geh:6    | Noticed an ancient lich
 71842 | Slime:1  | Entered Level 1 of the Pits of Slime
 72611 | Zot:1    | Killed Tiamat
 73022 | Zot:2    | HP: 8/223 [tentacled monstrosity (14)]
 73023 | Zot:2    | Slain by a tentacled monstrosity

Illustrated notes

Levels and vault maps discovered:
D:1:      dpeg_chamrin_arrival_tetris, layout_rooms,
          ebering_ecumenical_altar_webs
D:2:      layout_loops_corners, hangedman_decor_push,
          ebering_dispersal_statue_hall, small_statue_intersection
D:3:      cheibrodos_fertilizer, layout_basic, lightli_sewer_entry_pipes
D:4:      layout_layer_cave, kennysheep_okawaru_gauntlet, serial_shops,
          kennysheep_little_box, nicolae_shop_real_fake_doors,
          nicolae_shop_advertising_works [nicolae_subvault_shop_adworks],
          nicolae_square_shop, nicolae_square_shop, dk_rats_in_the_wall
D:5:      layout_layer_cave, dk_noncrumbling_3
D:6:      layout_basic, lemuel_crystal_altar, mainiacjoe_overflow_big_doors,
          serial_shops, shop
D:7:      layout_rooms, minmay_temple_entry_stoned_glass,
          lightli_bailey_entry_fortress
D:8:      lemuel_slime, layout_basic, mainiacjoe_overflow_six_doors_small,
          minmay_lair_entry_grove, gammafunk_ghost_split
D:9:      layout_rooms, general_overflow_altar, serial_shops,
          nicolae_shop_just_a_little_nook, uniq_pikel, uniq_grum, uniq_harold
D:10:     layout_loops_ring, fedhas_altar_1, serial_shops,
          nicolae_shop_tiny_glass, hangedman_tell_no_tales, uniq_urug
D:11:     layout_basic, minmay_orc_entry_temple_small,
          gammafunk_ghost_hydra_chop, kennysheep_flooded_box,
          hangedman_abyss_or_decor_lesser_grid
D:12:     layout_gridville, roderic_malta_cross, minivault_16,
          hellmonk_guarded_unrand_salamander
D:13:     layout_big_octagon, uniq_nessos, uniq_kirke
D:14:     layout_gridville, david_vaults_5, serial_bayou_shore_a,
          library_closet, minivault_5
D:15:     hangedman_depths_entry_civil_slaughter, layout_basic,
          gammafunk_ghost_ooze
Lair:1:   layout_small_grid, special_room [special_room_bee], enter_volcano_2,
          uniq_erica
Lair:2:   layout_cave_pods, spider_nest_entry_rubble,
          nicolae_lair_run_with_the_wolves, uniq_amaemon
Lair:3:   layout_regular_city, shoals_dummy_entry, uniq_gastronok
Lair:4:   dreamdust_cave_troll, layout_cave_pods, gauntlet_entry_generic,
          uniq_rupert
Lair:5:   minmay_lair_end_frog_pond, layout_gridlike, slime_entry_1
Shoals:1: layout_shoals, serial_shops, nicolae_shop_rolling_square,
          nicolae_shoals_lost_giant_temple
Shoals:2: gammafunk_sealed_arena, layout_shoals, serial_shops, shop,
          uniq_frances, uniq_aizul, uniq_polyphemus
Shoals:3: layout_shoals, ebering_ghost_rock_garden
Shoals:4: shoals_end_grunt_garden, layout_shoals, shoals_ilsuiw_ice,
          nicolae_shoals_elemental_ambush
Spider:1: layout_spider_delve, nicolae_spider_some_kinda_spiderbox,
          hangedman_spider_tarantella_strand
Spider:2: layout_spider_delve
Spider:3: nicolae_spider_hall_of_the_moth_king, nicolae_spider_world_wide_web
Spider:4: spider_rune_water, drop_trap
Slime:1:  layout_caves
Orc:1:    hellmonk_paralyzer, layout_diamond_mine
Orc:2:    grunt_orc_tribal_feast, layout_caves, serial_shops,
          nicolae_lakefront_shop, shop, basic_altar
Elf:1:    nicolae_elf_arrival_no_cutting_in_line, layout_loops_ring,
          serial_shops, nicolae_shop_drivethru, shop_fountains, orc_legates
Elf:2:    elven_hall_of_blades_hangedman_original
          [nicolae_blade_entry_hurt_lockers], layout_loops_cross, uniq_asterion
Elf:3:    minmay_elf_hall_dome, layout_geoelf_diagonals
Vaults:1: nicolae_vaults_two_Ls, nicolae_vaults_network_star,
          nicolae_vaults_network_barrier, nicolae_vaults_rhombus_6,
          nicolae_vaults_diamond_2, nicolae_vaults_swerve,
          hangedman_vaults_capsules, v_rooms_6, hangedman_vaults_pinch,
          nicolae_vaults_network_periphery, nicolae_vaults_murder_corner,
          nicolae_vaults_angled_halls, layout_vaults_ring, serial_glass
Vaults:2: nicolae_vaults_windows_and_doors_thing, nicolae_vaults_meiosis,
          minmay_crypt_entry_skeletal_spiral, v_alt_pattern_6,
          nicolae_vaults_surprise_closet, nicolae_vaults_network_s,
          dpeg_vaults_waves, v_misc_9, nicolae_vaults_tangram_1,
          nicolae_vaults_circle_grid_a, ontoclasm_vaults_fault,
          nicolae_vaults_trapezoid_2, nicolae_vaults_oval_intersection,
          layout_vaults_maze_snakey
Vaults:3: nicolae_vaults_surprise_closet_hard, v_misc_5,
          nicolae_vaults_steering_wheel, v_alt_pattern_5, v_misc_30,
          hangedman_vaults_slice, nicolae_vaults_closet_pinwheel_6,
          grunt_vaults_diagonal, nicolae_vaults_tetromino_Z_2,
          layout_vaults_big_room, serial_shops, nicolae_shop_getting_attention
Vaults:4: nicolae_vaults_closet_pinwheel_5,
          vaults_standard_mumra_enter_the_diamond,
          nicolae_vaults_doubleplus_tesselated, v_misc_12,
          nicolae_vaults_tetromino_L_1, ontoclasm_vaults_chip, v_misc_15,
          nicolae_vaults_storage_closets_2, ontoclasm_vaults_loading_screen,
          nicolae_vaults_offset_grid_hallway_4, grunt_vaults_hallway_short,
          ontoclasm_vaults_loading_screen, nicolae_vaults_diamond_1,
          layout_vaults_big_cross, uniq_boris, uniq_frederick
Vaults:5
Depths:1: layout_twisted_cross, hell_entry, grunt_gozag_breadcrumbs,
          grunt_megastairs_5, firewood_loft, minmay_shop_star
Depths:2: lemuel_minitomb, layout_cave_shapes, chequers_serial_rivers_micro_c,
          grunt_hell_entry_dis_mu, grunt_pan_entry_spiral,
          minmay_staircase_bubble
Depths:3: minmay_open_boxes_in_corner, layout_honeycomb, hell_entry,
          abyss_entry, corexii_corridor_pit, minivault_15, grunt_ministairs_3,
          drop_trap, minmay_misc_feat_nine_boxes,
          nicolae_concentric_dashed_squares_mild,
          minmay_staircase_windowed_small
Depths:4: hangedman_spin_cycle, hell_entry, abyss_entry, uniq_enchantress
Hell
Geh:1:    layout_gehenna_pools_box
Geh:2:    nicolae_hells_titanomachy
Geh:3:    layout_gehenna_pools_box
Geh:4:    layout_gehenna_lava_caves
Geh:5:    layout_gehenna_pools_basic, nicolae_geh_fiery_graves
          [nicolae_geh_single_fiery_grave, nicolae_geh_single_fiery_grave,
          nicolae_geh_single_fiery_grave, nicolae_geh_single_fiery_grave,
          nicolae_geh_single_fiery_grave, nicolae_geh_single_fiery_grave,
          nicolae_geh_single_fiery_grave, nicolae_geh_single_fiery_grave,
          nicolae_geh_single_fiery_grave]
Geh:6:    layout_gehenna_pools_triple
Zot:1:    layout_gridlike, uniq_tiamat
Zot:2:    layout_cellular_growth, st_stairs_11, evilmike_ambush
          [evilmike_ambush_outer_basic, evilmike_ambush_inner_cross],
          grunt_megastairs_4

Skill      XL: |  1  2  3  4  5  6  7  8  9 10 11 12 13 14 15 16 17 18 19 20 21 22 23 24 |
---------------+-------------------------------------------------------------------------+-----
Polearms       | 2 3 4 5 6 7 9 10 12 13 14 16 18 19 20 | 20.0
Fighting       | 3 4 6 7 9 11 12 14 15 16 18 19 21 22 23 24 25 26 | 26.0
Evocations     | 3 4 6 8 |  8.0
Armour         | 1 9 11 12 14 16 17 19 20 21 22 23 24 25 | 25.0
Spellcasting   | 5 8 10 12 | 12.0
Dodging        | 5 |  5.3
Summonings     | 4 6 11 | 11.9
Stealth        | |  4.5

Action                     |  1- 3 |  4- 6 |  7- 9 | 10-12 | 13-15 | 16-18 | 19-21 | 22-24 || total
---------------------------+-------+-------+-------+-------+-------+-------+-------+-------++-------
  Melee: Spear             |    16 |   373 |   198 |    25 |    53 |     8 |       |       ||   673
         Short sword       |    71 |     9 |    18 |   117 |       |       |       |       ||   215
         Punch             |       |     8 |     1 |       |       |       |       |       ||     9
         Trident           |       |       |   228 |   303 |       |       |       |       ||   531
         Demon trident     |       |       |       |   496 |  1257 |  1887 |  2399 |  2268 ||  8307
   Fire: Sling             |       |    31 |     5 |       |    52 |       |       |       ||    88
  Throw: Dart              |     1 |    13 |   105 |    30 |     3 |     2 |     1 |     1 ||   156
         Javelin           |       |       |       |     9 |    10 |     2 |     6 |    21 ||    48
         Throwing net      |       |       |       |     1 |       |       |       |     2 ||     3
   Cast: Wereblood         |       |       |       |       |     1 |     4 |       |    13 ||    18
         Blink             |       |       |       |       |       |     2 |       |     7 ||     9
         Call Canine Famil |       |       |       |       |       |       |       |    34 ||    34
         Animate Armour    |       |       |       |       |       |       |       |     9 ||     9
         Summon Lightning  |       |       |       |       |       |       |       |    16 ||    16
         Foxfire           |       |       |       |       |       |       |       |     5 ||     5
         Summon Guardian G |       |       |       |       |       |       |       |     1 ||     1
  Evoke: Wand              |     1 |       |       |     5 |     1 |       |     3 |     4 ||    14
         Tin of tremorston |       |       |       |     2 |     4 |     5 |     3 |     2 ||    16
         Phantom mirror    |       |       |       |       |     1 |     1 |     2 |     3 ||     7
    Use: Scroll            |     1 |       |     9 |    10 |     7 |     8 |     5 |     6 ||    46
         Potion            |       |     1 |     1 |     3 |       |       |     1 |     7 ||    13
   Stab: Sleeping          |     7 |     1 |       |       |       |       |       |       ||     8
         Paralysed         |       |       |       |     6 |       |       |       |       ||     6
         Held in net/web   |       |       |       |     4 |       |       |       |       ||     4
         Distracted        |       |       |       |       |       |     3 |     3 |    13 ||    19
 Armour: Leather armour    |    15 |     8 |       |       |       |       |       |       ||    23
         Plate armour      |       |   121 |   275 |   265 |       |       |       |       ||   661
         Scale mail        |       |     3 |       |       |       |       |       |       ||     3
         Chain mail        |       |       |       |   116 |   330 |       |       |       ||   446
         Crystal plate arm |       |       |       |       |   378 |  1469 |  1089 |  1707 ||  4643
  Dodge: Dodged            |    46 |    64 |   111 |   202 |   359 |   621 |   658 |   850 ||  2911
  Block: Buckler           |       |       |       |       |       |     8 |    28 |   413 ||   449
         Reflection        |       |       |       |       |       |       |     1 |    18 ||    19

Table legend: (Time is in decaauts)
 A = Elapsed time spent in this place.
 B = Non-inter-level travel time spent in this place.
 C = Inter-level travel time spent in this place.
 D = Time resting spent in this place.
 E = Time spent auto-exploring this place.
 F = Levels seen in this place.
 G = Mean time per level.
                   A        B        C        D        E       F      G
               +--------+--------+--------+--------+--------+-----+--------+
         Total |  69825 |  63999 |   5826 |   9699 |  30030 |  60 | 1163.8 |
       Dungeon |  21276 |  18844 |   2432 |   3362 |  10748 |  15 | 1418.4 |
          Lair |   6451 |   5906 |    545 |    371 |   4105 |   5 | 1290.2 |
        Shoals |   4465 |   4231 |    234 |    657 |   2202 |   4 | 1116.2 |
   Spider Nest |   5236 |   4833 |    403 |    733 |   2303 |   4 | 1309.0 |
    Slime Pits |      2 |      2 |      0 |      0 |      0 |   1 |    2.0 |
  Orcish Mines |   2348 |   2060 |    288 |    688 |    916 |   2 | 1174.0 |
   Elven Halls |   3874 |   3599 |    275 |    160 |   1884 |   3 | 1291.3 |
        Vaults |   9561 |   8923 |    638 |   1092 |   3574 |   5 | 1912.2 |
        Depths |   6591 |   5858 |    733 |   1193 |   2158 |   4 | 1647.8 |
          Hell |    895 |    833 |     62 |    119 |    386 |   1 |  895.0 |
       Gehenna |   1849 |   1754 |     95 |    173 |    158 |   6 |  308.2 |
           Zot |   1367 |   1251 |    116 |     67 |    425 |   2 |  683.5 |
         Abyss |   2053 |   2053 |      0 |    187 |     18 |   4 |  513.2 |
         Sewer |    361 |    361 |      0 |      0 |    245 |   1 |  361.0 |
        Bailey |   2321 |   2321 |      0 |    891 |    363 |   1 | 2321.0 |
       Volcano |    514 |    514 |      0 |      0 |    208 |   1 |  514.0 |
      Gauntlet |    654 |    654 |      0 |      0 |    337 |   1 |  654.0 |
               +--------+--------+--------+--------+--------+-----+--------+

Top non-repeatable levels by time:
     D:8: 3071 daAuts
Vaults:4: 2586 daAuts
  Bailey: 2321 daAuts
Vaults:1: 2195 daAuts
    D:15: 2156 daAuts
    D:14: 2123 daAuts
Vaults:5: 2120 daAuts
Depths:1: 1966 daAuts
Depths:4: 1809 daAuts
  Lair:2: 1682 daAuts
    D:12: 1682 daAuts
   Elf:3: 1600 daAuts
  Lair:1: 1598 daAuts
Depths:3: 1593 daAuts
     D:5: 1589 daAuts
